 Dungeon Crawl Stone Soup version 0.27.1-3-gb3d3a73c9e (webtiles) character file.

Game seed: 17603542947837573224

97 styxcanada the Sneak (level 4, -1/23 HPs)
             Began as a Spriggan Brigand on Oct 26, 2021.
             Slain by a quokka (4 damage)
             ... on level 3 of the Dungeon.
             The game lasted 00:06:09 (2389 turns).

styxcanada the Sneak (Spriggan Brigand)             Turns: 2389, Time: 00:06:11

Health: -1/23      AC:  4    Str:  7    XL:     4   Next: 42%
Magic:  5/5        EV: 14    Int: 12    God:
Gold:   46         SH:  0    Dex: 17    Spells: 3/3 levels left

rFire    . . .     SeeInvis +   a - +3 dagger
rCold    . . .     Faith    .   (shield restricted)
rNeg     . . .     Spirit   .   b - +0 robe
rPois    .         Reflect  .   (helmet restricted)
rElec    .         Harm     .   c - +1 cloak
rCorr    .         Rampage  .   (gloves unavailable)
Will     .....                  (boots unavailable)
Stlth    ++++......             (no amulet)
HPRegen  0.07/turn              (no ring)
MPRegen  0.09/turn              (no ring)

@: lethally poisoned (-1 -> -2), constricted, very quick
A: very small, no large weapons, unfitting armour, see invisible, speed 3
a: no special abilities


You were on level 3 of the Dungeon.
You visited 1 branch of the dungeon, and saw 3 of its levels.

You collected 46 gold pieces.

Inventory:

Hand Weapons
 a - a +3 dagger (weapon)
 i - a +1 dagger of draining
 l - a +0 hunting sling
Missiles
 d - 22 poisoned darts (quivered)
 e - 2 curare-tipped darts
 g - 36 sling bullets
 h - 139 stones
Armour
 b - a +0 robe (worn)
 c - a +1 cloak (worn)
Jewellery
 n - a ring of protection from fire
Wands
 j - a wand of paralysis (8)
Potions
 f - a potion of curing
 k - a potion of cancellation {unknown}
 m - a potion of brilliance {unknown}


   Skills:
 * Level 1.9 Fighting
 + Level 2.7 Short Blades
 + Level 2.1 Throwing
 * Level 2.3 Dodging
 * Level 7.5 Stealth
 * Level 1.6 Evocations


You had 3 spell levels left.
You didn't know any spells.
Your spell library was empty.

Dungeon Overview and Level Annotations

Branches:
Dungeon (3/15)

Altars:


Innate Abilities, Weirdness & Mutations

You are very small and have problems with some larger weapons.
You are too small for most types of armour.
You have supernaturally acute eyesight. (SInv)
You cover ground extremely quickly. (Speed+++)


Message History

A ball python comes into view.
An adder comes into view.
A quokka comes into view.
The ball python hisses angrily.
The adder hisses angrily.
A bat comes into view.
The bat moves out of view.
You see here 25 bolts.
You closely miss the adder. The adder closely misses you.
The quokka barely misses you.
You miss the adder. The adder closely misses you.
The ball python bites you but does no damage.
The ball python barely misses you. The quokka completely misses you.
You barely miss the adder. The adder bites you.
You are poisoned.
The adder poisons you!
The ball python bites you but does no damage.
The ball python grabs you. The ball python constricts you.
The quokka bites you but does no damage.
The adder bites you but does no damage.
You closely miss the adder.
You feel sick. The ball python barely misses you.
The ball python constricts you.
The quokka bites you but does no damage.
The adder closely misses you.
You hit the adder but do no damage. The ball python bites you.
The ball python constricts you. The quokka closely misses you.
The adder closely misses you.
You hit the adder but do no damage.
You feel sick. The quokka closely misses you.
The ball python barely misses you. The ball python constricts you.
The adder misses you.
You hit the adder.
The adder is lightly wounded.
You feel sick. The quokka barely misses you.
The ball python completely misses you. The ball python constricts you.
The adder misses you. The quokka closely misses you.
You hit the adder.
The adder is moderately wounded.
You feel sick. The ball python completely misses you.
The ball python constricts you. The adder bites you.
* * * LOW HITPOINT WARNING * * *
The quokka bites you.
You die...

#.. #.# ####.#
#..†.# ###)#######
###...#.....#
#####...#...#
#........†(r#
##..######.@#
#[.>.....SS.....+
###.######...######
#........#.#..
#.....##.#.#...
#.....<# #.#....
#......# #.#....
#......# #....
#......#


You could see an adder, a quokka and a ball python.

Vanquished Creatures
  2 adders
  An ufetubus (D:3)
  2 adder zombies (D:2)
  An adder skeleton (D:2)
  2 dart slugs
  A bat (D:1)
  4 bat skeletons (D:2)
  A bat zombie (D:2)
  3 endoplasms
  2 giant cockroaches
  2 goblins
  5 hobgoblins
  11 jackals
  3 quokkas
  4 ball pythons
  A ball python skeleton (D:2)
  A ball python zombie (D:2)
  4 frilled lizards
  A kobold (D:2)
  A quokka skeleton (D:2)
  3 rats
55 creatures vanquished.

Vanquished Creatures (others)
  4 withered plants (D:2)
4 creatures vanquished.

Grand Total: 59 creatures vanquished

Notes
Turn   | Place    | Note
-------+----------+-------------------------------------------
     0 | D:1      | styxcanada the Spriggan Brigand began the quest for the
                  | Orb.
     0 | D:1      | Reached XP level 1. HP: 10/10 MP: 2/2
    29 | D:1      | Reached skill level 6 in Stealth
   519 | D:1      | Reached XP level 2. HP: 15/15 MP: 3/3
   974 | D:1      | Found a faded altar of an unknown god.
  1473 | D:2      | Reached XP level 3. HP: 18/18 MP: 4/4
  1613 | D:2      | Reached skill level 7 in Stealth
  1850 | D:2      | Reached skill level 1 in Evocations
  2057 | D:2      | Reached XP level 4. HP: 23/23 MP: 5/5
  2389 | D:3      | Slain by a quokka

Illustrated notes

Levels and vault maps discovered:
D:1:      dpeg_arrival_arbitrary_c, layout_loops_ring, basic_ecumenical_altar
D:2:      layout_basic, serial_undead, serial_undead_f, serial_undead_d,
          serial_undead_a, serial_undead_f, serial_undead_a, serial_undead_e
D:3:      minmay_angry_zag, layout_basic, hellmonk_ghost_happy_afterlife

Skill      XL: |  1  2  3 |
---------------+----------+-----
Stealth        | 6 7 |  7.5
Dodging        | 2 |  2.3
Evocations     | 1 |  1.6
Fighting       | |  1.9
Short Blades   | |  2.7
Throwing       | |  2.1

Action                   |  1- 3 |  4- 6 || total
-------------------------+-------+-------++-------
Melee: Dagger            |   163 |    37 ||   200
Throw: Dart              |    11 |     2 ||    13
  Use: Scroll            |     5 |       ||     5
 Stab: Sleeping          |    12 |     2 ||    14
Armor: Robe              |    29 |    11 ||    40
Dodge: Dodged            |   145 |    50 ||   195
